 Dungeon Crawl Stone Soup version 0.29-a0-410-g9596d59 (webtiles) character file.

Game seed: 9825477578735947410

179 Geeful the Skirmisher (level 5, 0/55 HPs)
             Began as an Ogre Gladiator on May 14, 2022.
             Slain by a gnoll
             ... wielding a +0 spear
              (9 damage)
             ... on level 3 of the Dungeon.
             The game lasted 00:06:45 (2249 turns).

Geeful the Skirmisher (Ogre Gladiator)              Turns: 2249, Time: 00:06:46

Health: 0/55       AC:  3    Str: 18    XL:     5   Next: 59%
Magic:  5/5        EV: 10    Int:  9    God:
Gold:   132        SH:  0    Dex: 12    Spells: 4/4 levels left

rFire   . . .      SeeInvis .   a - +0 flail
rCold   . . .      Faith    +   (no shield)
rNeg    . . .      Spirit   .   b - +0 robe
rPois   .          Reflect  .   c - +0 hat
rElec   .          Harm     .   (no cloak)
rCorr   .          Rampage  .   (gloves unavailable)
Will    .....                   (boots unavailable)
Stlth   +.........              g - amulet of faith
HPRegen 0.18/turn               (no ring)
MPRegen 0.09/turn               (no ring)

@: no status effects
A: large, unfitting armour, tough skin 1
a: no special abilities


You were on level 3 of the Dungeon.
You visited 1 branch of the dungeon, and saw 3 of its levels.

You collected 132 gold pieces.

Inventory:

Hand Weapons
 a - a +0 flail (weapon)
Missiles
 d - a throwing net (quivered)
 e - a large rock
Armour
 b - a +0 robe (worn)
 c - a +0 hat (worn)
Jewellery
 g - an amulet of faith (around neck)
 k - a ring of fire
 p - a ring of wizardry
Scrolls
 f - 3 scrolls of identify {unknown}
 i - a scroll of poison {unknown}
 l - a scroll of immolation {unknown}
 m - a scroll of enchant armour {unknown}
 o - a scroll of magic mapping {unknown}
 s - a scroll of teleportation {unknown}
Potions
 h - a potion of flight {unknown}
 j - a potion of heal wounds {unknown}
 n - a potion of haste {unknown}
 q - a potion of curing {unknown}
 r - a potion of mutation {unknown}


   Skills:
 + Level 4.3 Fighting
 + Level 3.6 Maces & Flails
 + Level 3.2 Throwing
 + Level 3.5 Dodging


You had 4 spell levels left.
You didn't know any spells.
Your spell library contained the following spells:

 Spells                   Type           Power      Damage    Failure   Level
 Sublimation of Blood     Necr           0%         N/A       52%         2
 Wereblood                Tmut           0%         N/A       52%         2
 Animate Armour           Summ/Erth      0%         N/A       99%         4
 Blade Hands              Tmut           0%         N/A       100%        5
 Iron Shot                Conj/Erth      0%         9d1       100%        6
 Summon Hydra             Summ           0%         N/A       100%        7


Dungeon Overview and Level Annotations

Branches:
Dungeon (3/15)

Altars:

Annotations:
D:1 1 exclusion
D:2 exclusion: downstairs


Innate Abilities, Weirdness & Mutations

You are too large for most types of armour.
You have tough skin. (AC +1)


Message History

The gnoll is almost dead.
The gnoll hits you from afar with a +0 spear!
The gnoll hits you but does no damage.
You barely miss the gnoll.
The gnoll is almost dead.
The gnoll hits you from afar with a +0 spear.
The gnoll hits you with a +0 club!
You closely miss the gnoll.
The gnoll is almost dead.
The gnoll hits you from afar with a +0 spear!
The gnoll hits you but does no damage. The gnoll closely misses you.
You hit the gnoll but do no damage.
The gnoll is almost dead.
The gnoll hits you with a +0 club.
* * * LOW HITPOINT WARNING * * *
The gnoll hits you from afar with a +0 spear.
* * * LOW HITPOINT WARNING * * *
Throw: 3 throwing nets
Press: ? - help, Q - select action, (/) - cycle Shift-Dir - straight line, f - gnoll
Aim: a gnoll, wielding a +0 club (severely wounded, 64% to hit)
You throw a throwing net. The throwing net hits the gnoll.
The gnoll is caught in the net!
The gnoll is severely wounded.
The gnoll struggles against the net.
The gnoll barely misses you.
You hit the gnoll.
You kill the gnoll!
The gnoll hits you but does no damage.
Throw: 2 throwing nets
Press: ? - help, Q - select action, (/) - cycle Shift-Dir - straight line, f - gnoll
Aim: a gnoll, wielding a +0 spear and wearing a +0 ring mail (68% to hit)
You throw a throwing net. The throwing net hits the gnoll.
The gnoll is caught in the net!
The gnoll struggles against the net.
The gnoll hits you from afar with a +0 spear.
* * * LOW HITPOINT WARNING * * *
The gnoll struggles against the net.
Items here: ( )) †.
You hit the gnoll but do no damage.
The gnoll hits you from afar with a +0 spear!
You die...

. ##...#####...
...##...........
...........(...#
######..........
<...............
.##....#.#####..
.......#.#
#......#.#
.......#@# .
###.#..#g###....
.......g..gr..:
##.####........
.........
....######
.....# #.....#
#.....#


You could see 2 gnolls.

Vanquished Creatures
  A black bear (D:3)
  2 gnolls (D:3)
  A worm (D:3)
  4 dart slugs
  9 endoplasms
  6 goblins
  6 hobgoblins
  12 jackals
  4 kobolds
  A quokka (D:1)
  2 ball pythons
  3 bats (D:1)
  2 frilled lizards
  4 rats (D:1)
57 creatures vanquished.

Vanquished Creatures (others)
  A plant (D:3)
1 creature vanquished.

Grand Total: 58 creatures vanquished

Notes
Turn   | Place    | Note
-------+----------+-------------------------------------------
     0 | D:1      | Geeful the Ogre Gladiator began the quest for the Orb.
     0 | D:1      | Reached XP level 1. HP: 22/22 MP: 1/1
   304 | D:1      | Reached skill level 3 in Fighting
   304 | D:1      | Reached XP level 2. HP: 23/31 MP: 2/2
   608 | D:1      | Reached XP level 3. HP: 27/37 MP: 3/3
  1232 | D:1      | Found a faded altar of an unknown god.
  1671 | D:2      | Reached XP level 4. HP: 46/46 MP: 4/4
  2209 | D:3      | Noticed a black bear
  2217 | D:3      | Killed a black bear
  2218 | D:3      | Reached skill level 4 in Fighting
  2218 | D:3      | Reached XP level 5. HP: 54/54 MP: 5/5
  2249 | D:3      | Slain by a gnoll

Illustrated notes

Levels and vault maps discovered:
D:1:      lightli_arrival_boilingwater, layout_loops_corners,
          shapermc_ecumenical_altar_hornbeckon, minmay_pentomino_x2
D:2:      layout_basic
D:3:      layout_basic, serial_forest, infiniplex_forest_lined_room_2,
          infiniplex_forest_lined_3, infiniplex_forest_straight_4,
          infiniplex_forest_clump_small, infiniplex_forest_end_3,
          infiniplex_forest_clump_medium, infiniplex_forest_straight_4,
          uniq_ijyb

Skill      XL: |  1  2  3  4 |
---------------+-------------+-----
Fighting       | 3 4 |  4.3
Maces & Flails | 3 |  3.6
Dodging        | 3 |  3.5
Throwing       | 3 |  3.2

Action                   |  1- 3 |  4- 6 || total
-------------------------+-------+-------++-------
Melee: Flail             |   101 |    45 ||   146
       Punch             |     2 |       ||     2
Throw: Throwing net      |       |     4 ||     4
       Large rock        |       |     1 ||     1
 Stab: Sleeping          |     1 |     1 ||     2
       Distracted        |     1 |       ||     1
       Held in net/web   |       |     1 ||     1
Armor: Robe              |    27 |     8 ||    35
Dodge: Dodged            |    53 |    25 ||    78

Table legend: (Time is in decaauts)
 A = Elapsed time spent in this place.
 B = Non-inter-level travel time spent in this place.
 C = Inter-level travel time spent in this place.
 D = Time resting spent in this place.
 E = Time spent auto-exploring this place.
 F = Levels seen in this place.
 G = Mean time per level.
                   A        B        C        D        E       F      G
               +--------+--------+--------+--------+--------+-----+--------+
         Total |   2299 |   2228 |     71 |     72 |   1746 |   3 |  766.3 |
       Dungeon |   2299 |   2228 |     71 |     72 |   1746 |   3 |  766.3 |
               +--------+--------+--------+--------+--------+-----+--------+

Top non-repeatable levels by time:
     D:1: 1492 daAuts
     D:2: 728 daAuts
     D:3: 77 daAuts
